 Dungeon Crawl Stone Soup version 0.29-a0-994-gc5c9f59d18 (webtiles) character file.

Game seed: 10157693267129881269

184 Kinoniko the Shooter (level 5, -4/57 HPs)
             Began as a Human Hunter on Aug 3, 2022.
             Slain by an orc wizard
             ... wielding a +1 dagger of electrocution
              (14 damage)
             ... on level 4 of the Dungeon.
             The game lasted 00:02:35 (2601 turns).

Kinoniko the Shooter (Human Hunter)                 Turns: 2601, Time: 00:02:36

Health: -4/57      AC: 22    Str: 11    XL:     5   Next: 95%
Magic:  5/5        EV:  2    Int: 10    God:
Gold:   208        SH:  0    Dex: 18    Spells: 4/4 levels left

rFire   . . .      SeeInvis .   g - +2 longbow (freeze)
rCold   . . .      Faith    .   (shield currently unavailable)
rNeg    . . .      Spirit   .   (body armour currently unavailable)
rPois   +          Reflect  .   (helmet currently unavailable)
rElec   .          Harm     .   (cloak currently unavailable)
rCorr   .          Rampage  .   (gloves currently unavailable)
Will    .....      NoTele   +   (boots currently unavailable)
Stlth   ++........              (no amulet)
HPRegen 0.19/turn               (no ring)
MPRegen 0.09/turn               (no ring)

@: mighty, brilliant, tree-form, attractive, hasted, very quick
A: stationary, stasis, torment immunity, boosted hp
a: no special abilities


You were on level 4 of the Dungeon.
You were a tree.
You visited 1 branch of the dungeon, and saw 4 of its levels.

You collected 208 gold pieces.

Inventory:

Hand Weapons
 a - a +0 shortbow
 g - a +2 longbow of freezing (weapon)
Armour
 c - a +0 leather armour (melded)
Scrolls
 b - a scroll of immolation
 f - a scroll of amnesia
Potions
 d - a potion of might
 h - a potion of brilliance
 l - a potion of haste


   Skills:
 - Level 2.0 Fighting
 * Level 6.7 Ranged Weapons
 - Level 2.0 Dodging
 - Level 1.0 Stealth


You had 4 spell levels left.
You didn't know any spells.
Your spell library contained the following spells:

 Spells                   Type           Power      Damage    Failure   Level
 Summon Small Mammal      Summ           0%         N/A       36%         1
 Ensorcelled Hibernation  Hex/Ice        0%         N/A       50%         2
 Passwall                 Tmut/Erth      0%         N/A       50%         2
 Call Canine Familiar     Summ           0%         N/A       75%         3
 Dazzling Flash           Conj/Hex       0%         N/A       75%         3
 Summon Guardian Golem    Hex/Summ       0%         N/A       75%         3
 Swiftness                Air            0%         N/A       75%         3
 Iskenderun's Mystic Bla  Conj/Tloc      0%         2d3       98%         4
 Starburst                Conj/Fire      0%         6d3       100%        6


Dungeon Overview and Level Annotations

Branches:
Dungeon (4/15)
 Temple: D:4-7

Altars:


Message History

The ball python barely misses you. The ball python constricts you.
* * * LOW HITPOINT WARNING * * *
It was a potion of heal wounds.
You feel much better. The ball python completely misses you.
The ball python constricts you.
Unknown command.
You shoot an arrow. The arrow hits the ball python!
The arrow freezes the ball python.
You kill the ball python!
You shoot an arrow. The arrow closely misses the orc.
The orc hits you with a +0 trident.
You shoot an arrow. The arrow hits the orc.
The arrow freezes the orc.
The orc is heavily wounded.
Something is attracted toward you.
Unknown command.
You shoot an arrow.
The arrow closely misses the orc priest.
The orc hits you with a +0 trident.
You shoot an arrow. The arrow closely misses the orc.
The orc misses you.
Unknown command.
You shoot an arrow. The arrow barely misses the orc.
Something hits you.
You are electrocuted!
You hear some strange, mumbled words.
The orc closely misses you.
You are too injured to fight recklessly!
Unknown command.
You are too injured to fight recklessly!
Unknown command.
You are too injured to fight recklessly!
You are too injured to fight recklessly!
Something barely misses the orc.
The orc hits you from afar with a +0 trident.
* * * LOW HITPOINT WARNING * * *
Something is attracted toward you. Something is attracted toward you.
The orc is attracted toward you.
Unknown command.
It was a potion of lignification.
You turn into a tree.
Your +0 leather armour melds into your body.
Your roots penetrate the ground.
The orc hits you but does no damage. Something hits you but does no damage.
You are electrocuted!
You die...

......#
#####.###### #
#......#######
#
######.......#
# #######.# #
#.# # #.#
##### #.#
....# #♣#
...... #{#
###.## #o# #
#§o.§....
###.####. .# .
##


You could see 2 orcs.

Vanquished Creatures
  An iguana (D:4)
  5 adders
  2 worms (D:3)
  3 dart slugs
  4 orcs (D:4)
  9 ball pythons
  9 endoplasms
  5 giant cockroaches
  8 goblins
  11 hobgoblins
  10 jackals
  3 quokkas
  4 frilled lizards
  5 kobolds
  8 rats
87 creatures vanquished.

Notes
Turn   | Place    | Note
-------+----------+-------------------------------------------
     0 | D:1      | Kinoniko the Human Hunter began the quest for the Orb.
     0 | D:1      | Reached XP level 1. HP: 16/16 MP: 1/1
   141 | D:1      | Reached XP level 2. HP: 22/22 MP: 2/2
   269 | D:1      | Found a faded altar of an unknown god.
   336 | D:1      | Reached XP level 3. HP: 27/27 MP: 3/3
   510 | D:1      | Reached skill level 5 in Ranged Weapons
  1027 | D:2      | Reached XP level 4. HP: 33/33 MP: 4/4
  1763 | D:3      | Reached XP level 5. HP: 38/38 MP: 5/5
  1769 | D:3      | Reached skill level 6 in Ranged Weapons
  2203 | D:3      | Identified a scroll of acquirement
  2203 | D:3      | Acquired a +1 longbow of freezing
  2601 | D:4      | Slain by an orc wizard

Illustrated notes

Levels and vault maps discovered:
D:1:      psy_arrival_whirlpool, layout_loops_ring,
          ebering_ecumenical_altar_sacrificial
D:2:      layout_basic
D:3:      layout_rooms, kennysheep_generic_room_6
D:4:      layout_loops_ring, corexii_shack

Skill      XL: |  1  2  3  4  5 |
---------------+----------------+-----
Ranged Weapons | 5 6 |  6.7
Fighting       | |  2.0
Dodging        | |  2.0
Stealth        | |  1.0

Action                   |  1- 3 |  4- 6 || total
-------------------------+-------+-------++-------
 Fire: Shortbow          |    96 |    84 ||   180
       Longbow           |       |    36 ||    36
  Use: Scroll            |       |     6 ||     6
       Potion            |       |     6 ||     6
Armor: Leather armour    |    16 |    15 ||    31
       Skin              |       |     2 ||     2
Dodge: Dodged            |    29 |    26 ||    55

Table legend: (Time is in decaauts)
 A = Elapsed time spent in this place.
 B = Non-inter-level travel time spent in this place.
 C = Inter-level travel time spent in this place.
 D = Time resting spent in this place.
 E = Time spent auto-exploring this place.
 F = Levels seen in this place.
 G = Mean time per level.
                   A        B        C        D        E       F      G
               +--------+--------+--------+--------+--------+-----+--------+
         Total |   2661 |   2616 |     45 |    100 |   2118 |   4 |  665.2 |
       Dungeon |   2661 |   2616 |     45 |    100 |   2118 |   4 |  665.2 |
               +--------+--------+--------+--------+--------+-----+--------+

Top non-repeatable levels by time:
     D:2: 951 daAuts
     D:1: 828 daAuts
     D:3: 592 daAuts
     D:4: 289 daAuts
